Map: Eternal Empire LE

Players

Astrea - Winner!

  • Race: Protoss Protoss
  • League: Grandmaster
  • Spawn Location: 1:00

puCK (Nina)

  • Race: Protoss Protoss
  • League: Grandmaster
  • Spawn Location: 7:00

Event: Cheeseadelphia XI, Cheeseadelphia XI

VOD

Have the link to the VOD?

Description

Time

  • Played on: Dec. 14, 2019, 4:07 p.m.
  • Length: 27:42

All games in this series

Show
View Real Time Build Order
Export as new Build Order

Astrea Protoss - Winner!

Build Orders: Zealot Archon 

Get SALT Encoding   

  12  0:00  Probe  
  13  0:12  Probe  
  14  0:17  Pylon  
  14  0:24  Probe (Chrono Boost)  
  16  0:37  Probe (Chrono Boost)  
  16  0:38  Gateway  
  16  0:42  Probe (Chrono Boost)  
  16  0:45  Assimilator  
  17  0:51  Probe  
  17  0:54  Assimilator  
  18  1:03  Probe (Chrono Boost)  
  19  1:07  Gateway  
  19  1:12  Probe (Chrono Boost)  
  19  1:17  Probe (Chrono Boost)  
  20  1:25  Cybernetics Core  
  21  1:29  Probe  
  22  1:33  Pylon  
  22  1:41  Probe  
  23  1:53  Probe  
  24  2:01  Stalker  
  24  2:02  Sentry  
  24  2:03  Warp Gate  
  24  2:05  Probe  
  29  2:13  Pylon  
  29  2:18  Probe  
  30  2:30  Probe  
  31  2:39  Sentry  
  31  2:43  Nexus  
  33  2:45  Probe  
  33  2:46  Sentry  
  36  2:52  Pylon  
  36  2:57  Probe (Chrono Boost)  
  37  3:05  Stalker  
  37  3:11  Probe (Chrono Boost)  
  40  3:16  Robotics Facility  
  40  3:18  Probe (Chrono Boost)  
  41  3:25  Probe  
  42  3:31  Shield Battery  
  42  3:37  Probe  
  42  3:39  Shield Battery  
  43  3:49  Probe  
  43  3:52  Stalker  
  43  3:55  Stalker  
  48  3:56  Probe (Chrono Boost)  
  50  4:03  Observer (Chrono Boost)  
  50  4:06  Probe (Chrono Boost)  
  50  4:08  Probe (Chrono Boost)  
  52  4:15  Probe (Chrono Boost)  
  52  4:16  Probe (Chrono Boost)  
  53  4:22  Probe  
  54  4:25  Probe  
  54  4:29  Stalker  
  54  4:31  Stalker  
  59  4:34  Probe  
  59  4:37  Probe, Pylon  
  61  4:39  Pylon  
  60  4:46  Probe  
  60  4:48  Observer  
  60  4:51  Nexus  
  61  4:54  Probe (Chrono Boost)  
  61  4:58  Probe (Chrono Boost)  
  63  5:02  Forge  
  63  5:06  Twilight Council  
  63  5:07  Probe (Chrono Boost)  
  63  5:11  Probe (Chrono Boost)  
  64  5:14  Probe (Chrono Boost)  
  64  5:15  Assimilator  
  64  5:16  Probe (Chrono Boost)  
  66  5:21  Assimilator, Probe  
  66  5:25  Probe  
  66  5:27  Protoss Ground Weapons Level 1 (Chrono Boost)  
  68  5:32  Immortal  
  68  5:34  Pylon  
  72  5:38  Probe x2  
  74  5:43  Observer, Charge  
  74  5:50  Probe x2  
  74  5:53  Gateway  
  76  5:58  Zealot x2  
  76  6:02  Probe  
  76  6:03  Probe  
  82  6:06  Probe  
  81  6:14  Probe  
  81  6:15  Probe  
  81  6:18  Probe  
  83  6:22  Templar Archives  
  83  6:26  Probe, Gateway x2  
  83  6:27  Probe  
  83  6:32  Probe  
  86  6:35  Pylon  
  86  6:40  Gateway  
  86  6:41  Gateway x2  
  86  6:44  Pylon  
  86  6:46  Probe x2  
  87  6:53  Probe  
  88  6:58  Probe  
  88  7:00  Probe  
  90  7:01  High Templar  
  90  7:02  Zealot, High Templar  
  90  7:06  Protoss Ground Weapons Level 2 (Chrono Boost)  
  90  7:08  Probe, Archon  
  97  7:09  Gateway  
  97  7:11  Assimilator, Gateway  
  97  7:15  Assimilator  
  97  7:17  Observer  
  97  7:20  Probe x2  
  97  7:22  High Templar  
  102  7:23  High Templar  
  102  7:26  Photon Cannon  
  102  7:27  Probe, Archon  
  105  7:31  Photon Cannon  
  105  7:34  Warp Prism (Chrono Boost)  
  105  7:35  Zealot x2  
  111  7:46  Zealot, High Templar x2  
  111  7:50  Pylon x2, Archon  
  117  7:58  Photon Cannon  
  117  8:05  Blink  
  117  8:09  Pylon x2, Zealot x3, High Templar x2  
  117  8:10  Zealot  
  129  8:14  Archon, High Templar  
  135  8:27  Nexus, Immortal (Chrono Boost)  
  129  8:43  Colossus  
  123  8:53  High Templar x3  
  123  8:54  Zealot x2, High Templar  
  123  8:55  Zealot x4  
  143  8:57  Archon  
  143  8:58  Archon  
  142  9:11  Pylon  
  142  9:12  Pylon  
  142  9:13  Protoss Ground Weapons Level 3 (Chrono Boost)  
  142  9:14  Pylon  
  137  9:27  Pylon, Archon x2, Robotics Bay  
  137  9:29  Pylon  
  137  9:30  Observer, Zealot x2  
  130  9:45  Pylon  
  120  9:47  Pylon  
  120  9:51  Zealot x7  
  120  9:52  Zealot x3  
  136  9:58  Probe x2  
  130  10:08  Probe x2  
  130  10:10  Probe  
  130  10:11  Disruptor (Chrono Boost)  
  126  10:14  High Templar  
  126  10:15  High Templar x3  
  126  10:16  Zealot x6  
  126  10:19  Shield Battery  
  126  10:21  Shield Battery  
  144  10:22  Archon x2  
  144  10:38  Disruptor (Chrono Boost)  
  147  10:47  Robotics Facility  
  147  10:53  High Templar x3  
  147  10:54  Zealot x7  
  167  10:58  Archon  
  167  11:00  Archon  
  167  11:01  Disruptor (Chrono Boost)  
  166  11:04  Pylon  
  169  11:12  Pylon  
  169  11:15  Zealot x5  
  169  11:16  Zealot x2  
  183  11:23  Disruptor  
  183  11:31  Zealot x3  
  192  11:38  Pylon  
  192  11:39  Pylon  
  192  11:41  Photon Cannon  
  192  11:42  Zealot x3  
  192  11:45  Photon Cannon  
  196  11:48  Photon Cannon  
  190  12:00  Zealot x7  
  190  12:10  Disruptor (Chrono Boost)  
  190  12:11  Disruptor (Chrono Boost)  
  190  12:15  Gravitic Drive  
  196  12:16  Zealot x2  
  198  12:27  Protoss Shields Level 1 (Chrono Boost)  
  171  12:39  Disruptor (Chrono Boost)  
  174  12:45  Disruptor (Chrono Boost)  
  174  12:48  High Templar x4  
  174  12:49  Zealot x6  
  194  12:53  Assimilator  
  194  12:56  Assimilator, Archon x2  
  191  13:04  Nexus  
  191  13:05  Disruptor (Chrono Boost)  
  188  13:18  Disruptor (Chrono Boost)  
  185  13:26  Zealot x9  
  196  13:28  Pylon  
  188  13:38  Warp Prism (Chrono Boost)  
  152  13:52  Disruptor (Chrono Boost)  
  152  13:55  Probe x4  
  155  13:57  Photon Cannon x2  
  155  14:01  Shield Battery  
  155  14:03  Pylon  
  155  14:07  Zealot x9, Disruptor  
  174  14:23  Unknown  
  174  14:28  Observer  
  174  14:29  Gravitic Boosters (Chrono Boost)  
  151  14:54  Disruptor x2  
  151  14:55  Protoss Shields Level 2 (Chrono Boost)  
  155  15:03  Zealot x6  
  155  15:04  Zealot x4  
  153  15:37  Observer  
  153  15:40  Stalker x10  
  172  15:52  Disruptor (Chrono Boost)  
  160  16:00  Observer (Chrono Boost)  
  159  16:10  High Templar x4  
  159  16:11  Zealot x4, High Templar x2  
  171  16:45  High Templar x4  
  171  16:46  Zealot x6  
  187  16:48  Disruptor x2  
  187  16:52  Archon x2  
  141  17:09  Stalker x6  
  139  17:26  Disruptor x2  
  137  17:32  Stalker x10  
  137  17:35  Nexus  
  157  17:42  Unknown  
  157  17:44  Pylon  
  155  18:03  Zealot x10  
  155  18:22  Zealot x6  
  155  18:23  Zealot x4  
  165  18:33  Zealot x4  
  142  18:50  Nexus  
  140  18:58  Observer  
  137  19:10  Stalker x8  
  153  19:20  Photon Cannon  
  153  19:30  Disruptor x2  
  159  19:46  Zealot x6  
  171  19:54  High Templar x2  
  171  19:55  High Templar x2  
  171  19:58  Archon  
  170  20:07  Observer (Chrono Boost)  
  170  20:13  Observer (Chrono Boost)  
  170  20:18  Archon  
  170  20:19  High Templar x3  
  170  20:20  Zealot x2, High Templar  
  182  20:32  Archon x2  
  180  20:38  Zealot  
  180  20:39  Nexus, Zealot x3  
  180  20:41  Pylon  
  184  21:01  High Templar x2  
  184  21:02  Zealot x4, High Templar x2  
  200  21:08  Photon Cannon  
  200  21:09  Archon x2, Photon Cannon  
  194  21:11  Shield Battery  
  194  21:16  Protoss Shields Level 3  
  176  21:39  Stalker x5  
  180  21:53  Zealot x4  
  139  22:07  Disruptor x2 (Chrono Boost)  
  91  22:20  Zealot x4  
  83  22:24  Stalker x3  
  83  22:25  Zealot x2  
  93  22:36  Zealot x3  
  96  22:53  Disruptor (Chrono Boost)  
  90  23:00  Zealot x3  
  90  23:01  Zealot  
  90  23:02  Disruptor (Chrono Boost)  
  89  23:22  Zealot x6  
  89  23:55  Zealot x8  
  77  24:10  High Templar x2  
  77  24:15  Archon  
  81  24:28  Zealot x6  
  93  24:39  Unknown  
  93  24:41  Pylon  
  93  24:46  High Templar x2  
  93  24:50  Archon  
  97  25:01  Zealot x3  
  91  25:16  Disruptor  
  91  25:19  Zealot x2  
  98  25:47  Nexus  
  98  25:49  Zealot x3, High Templar  
  106  25:50  High Templar  
  106  25:57  Zealot  
  108  25:59  Observer (Chrono Boost)  
  102  26:16  Zealot x2  
  100  26:30  Archon  
  94  26:46  Observer  
  83  26:56  Zealot  
  83  26:57  Zealot x5  
  83  27:01  High Templar x2  
Show
View Real Time Build Order
Export as new Build Order

puCK Protoss 

Build Orders: Oracle Opening, Archon Immortal 

Get SALT Encoding   

  12  0:00  Probe  
  13  0:12  Probe  
  14  0:18  Pylon  
  14  0:25  Probe (Chrono Boost)  
  15  0:37  Probe (Chrono Boost)  
  15  0:38  Gateway  
  16  0:45  Probe (Chrono Boost)  
  16  0:49  Assimilator  
  17  0:51  Probe  
  17  0:55  Assimilator  
  18  1:03  Probe (Chrono Boost)  
  19  1:08  Gateway  
  19  1:14  Probe (Chrono Boost)  
  20  1:18  Probe (Chrono Boost)  
  20  1:25  Cybernetics Core  
  21  1:31  Probe  
  22  1:36  Pylon  
  22  1:43  Probe  
  23  1:56  Probe  
  24  2:01  Stalker  
  24  2:02  Stalker  
  24  2:03  Warp Gate  
  28  2:11  Pylon  
  29  2:22  Stargate  
  28  2:25  Probe  
  29  2:43  Shield Battery  
  30  2:45  Stalker  
  30  2:49  Probe  
  31  3:06  Nexus  
  31  3:12  Oracle (Chrono Boost)  
  31  3:19  Probe  
  35  3:31  Probe  
  36  3:36  Pylon  
  36  3:39  Oracle (Chrono Boost)  
  39  3:51  Robotics Facility  
  39  3:54  Probe  
  40  4:00  Pylon  
  40  4:06  Probe  
  40  4:07  Zealot  
  43  4:15  Sentry  
  45  4:18  Probe x2 (Chrono Boost)  
  47  4:29  Probe x2 (Chrono Boost)  
  49  4:34  Probe x2 (Chrono Boost)  
  49  4:36  Forge  
  51  4:41  Observer  
  51  4:42  Sentry  
  51  4:44  Probe x2  
  56  4:56  Probe x2, Pylon  
  58  5:05  Immortal  
  62  5:08  Probe  
  62  5:09  Probe  
  62  5:11  Protoss Ground Weapons Level 1  
  64  5:16  Pylon  
  64  5:20  Probe  
  64  5:21  Probe  
  66  5:24  Assimilator  
  66  5:26  Assimilator  
  66  5:30  Twilight Council  
  66  5:33  Probe  
  67  5:36  Zealot x2  
  67  5:37  Probe  
  72  5:45  Probe  
  72  5:49  Probe  
  78  5:57  Probe, Nexus  
  74  6:00  Pylon  
  74  6:01  Probe  
  76  6:06  Charge  
  76  6:09  Probe  
  77  6:13  Probe  
  78  6:21  Probe  
  78  6:22  Gateway  
  78  6:23  Gateway x2  
  78  6:25  Probe  
  80  6:33  Probe, Photon Cannon  
  80  6:34  Immortal (Chrono Boost)  
  85  6:40  Probe  
  85  6:45  Probe  
  87  6:52  Probe  
  87  6:54  Templar Archives  
  88  6:57  Probe, Gateway  
  89  7:02  Gateway  
  89  7:05  Probe  
  89  7:06  Pylon  
  90  7:09  Probe, Immortal (Chrono Boost)  
  90  7:13  Probe  
  96  7:18  Gateway  
  96  7:19  Probe  
  96  7:21  Probe  
  98  7:25  Probe  
  98  7:29  Assimilator  
  99  7:30  Assimilator, Pylon, Protoss Ground Weapons Level 2 (Chrono Boost)  
  99  7:31  Probe  
  99  7:34  Probe  
  99  7:36  Pylon  
  101  7:43  Immortal  
  105  7:44  High Templar  
  105  7:45  High Templar  
  105  7:49  Pylon, Archon  
  105  7:50  High Templar x2  
  113  7:53  Zealot  
  113  7:58  Photon Cannon  
  115  8:05  High Templar  
  117  8:07  Archon  
  117  8:09  Zealot  
  117  8:12  Photon Cannon  
  118  8:18  High Templar  
  118  8:19  Zealot x3  
  125  8:22  Archon  
  125  8:24  Shield Battery  
  125  8:26  Shield Battery  
  125  8:34  Zealot, High Templar x2  
  129  8:37  Pylon  
  129  8:38  Observer  
  129  8:39  Pylon, Archon  
  128  8:52  High Templar x2  
  132  8:56  Archon  
  132  8:57  Zealot x4  
  132  9:00  Pylon  
  132  9:01  Immortal  
  144  9:04  Gateway  
  144  9:07  Gateway  
  144  9:14  Photon Cannon  
  144  9:18  High Templar  
  144  9:19  High Templar  
  144  9:23  Pylon x2, Archon  
  148  9:24  Nexus  
  148  9:27  Robotics Bay  
  148  9:29  Pylon  
  148  9:32  Pylon  
  148  9:37  Zealot x4  
  134  9:50  Zealot x3  
  134  9:59  Stalker x5  
  142  10:11  Photon Cannon  
  142  10:12  Probe  
  142  10:13  Photon Cannon  
  143  10:17  Probe, Photon Cannon, Disruptor  
  145  10:22  Robotics Facility  
  145  10:26  Probe  
  142  10:31  High Templar, Unknown  
  142  10:32  High Templar x3  
  150  10:35  Archon  
  150  10:36  Archon  
  144  10:46  Probe x2  
  144  10:47  Probe, Protoss Ground Weapons Level 3 (Chrono Boost)  
  147  10:55  Photon Cannon  
  147  10:56  Photon Cannon  
  147  10:58  Probe x2  
  147  10:59  Probe, Photon Cannon  
  147  11:01  Photon Cannon  
  147  11:04  Disruptor (Chrono Boost)  
  150  11:09  Disruptor (Chrono Boost)  
  156  11:11  Probe  
  157  11:21  Pylon  
  157  11:24  Pylon, Blink  
  157  11:26  High Templar  
  157  11:27  High Templar  
  157  11:30  Photon Cannon, Archon  
  161  11:34  Zealot  
  161  11:35  Zealot x3  
  161  11:38  Disruptor (Chrono Boost)  
  170  11:42  Zealot x3  
  170  11:45  Photon Cannon  
  176  11:50  Zealot  
  170  12:01  Disruptor (Chrono Boost)  
  149  12:09  Disruptor (Chrono Boost)  
  149  12:10  Stalker x7  
  166  12:29  Photon Cannon  
  166  12:30  Stalker x3  
  172  12:42  Disruptor  
  172  12:44  Stalker x4  
  177  12:47  Probe  
  177  12:51  Observer  
  181  12:59  Photon Cannon  
  181  13:00  Nexus, Zealot x4  
  189  13:11  Disruptor  
  184  13:15  Zealot x2  
  184  13:16  Zealot x4  
  184  13:19  Disruptor  
  182  13:29  Zealot  
  182  13:30  Zealot x3  
  182  13:33  Probe  
  182  13:47  Disruptor  
  177  13:51  Probe  
  177  13:53  Photon Cannon  
  177  13:54  Disruptor  
  169  13:56  Photon Cannon  
  169  13:59  Photon Cannon  
  169  14:10  Pylon  
  169  14:12  Pylon  
  169  14:13  Robotics Facility  
  169  14:17  High Templar x3  
  169  14:18  High Templar  
  169  14:21  Dark Shrine, Archon  
  169  14:22  Archon  
  169  14:23  Disruptor, High Templar x2  
  169  14:24  High Templar x2  
  186  14:30  Archon x2  
  188  14:33  Disruptor  
  190  14:48  Pylon  
  188  14:52  Pylon  
  188  14:53  High Templar x4  
  188  14:59  Archon  
  196  15:00  Archon  
  196  15:01  Observer  
  196  15:04  Zealot  
  199  15:09  Observer  
  174  15:16  Zealot x5  
  178  15:22  Disruptor  
  178  15:27  Stalker  
  178  15:28  Stalker x3  
  185  15:30  Disruptor  
  188  15:37  Photon Cannon  
  188  15:41  Stalker x4  
  188  15:42  Stalker x2  
  164  15:57  Stalker x2  
  164  15:58  Disruptor  
  164  15:59  Zealot  
  164  16:00  Zealot  
  164  16:01  Probe  
  174  16:05  Disruptor  
  174  16:07  Photon Cannon  
  174  16:08  Photon Cannon  
  174  16:09  Photon Cannon  
  177  16:11  Photon Cannon  
  177  16:12  Shield Battery  
  177  16:14  Stalker x3  
  177  16:15  Shield Battery, Stalker  
  177  16:17  Pylon  
  185  16:21  Zealot x5  
  194  16:28  Probe  
  189  16:36  Disruptor  
  192  16:46  Nexus  
  186  16:47  Zealot x2  
  176  17:06  Disruptor  
  168  17:21  Stalker x6  
  167  17:26  Pylon  
  163  17:31  Observer  
  163  17:36  Photon Cannon  
  162  17:43  Stalker x2  
  166  17:47  Zealot  
  168  17:52  Pylon  
  145  18:13  Probe x3  
  145  18:17  Probe  
  143  18:45  Probe x2  
  143  18:46  Stalker x5  
  147  18:54  Observer  
  148  19:00  Disruptor  
  148  19:02  Probe x2  
  150  19:03  Photon Cannon  
  150  19:05  Photon Cannon  
  150  19:08  Dark Templar x3  
  156  19:15  Probe  
  157  19:18  Dark Templar  
  157  19:23  Dark Templar  
  153  19:24  Probe  
  153  19:31  Probe  
  153  19:37  Zealot x4  
  158  19:38  Archon  
  155  19:47  Probe  
  155  19:52  Zealot x3  
  162  19:53  Probe  
  162  19:55  Probe x2  
  165  20:04  Disruptor  
  165  20:06  Dark Templar x2  
  164  20:15  Dark Templar  
  164  20:21  Assimilator, Zealot x2  
  164  20:24  Assimilator  
  164  20:46  Stalker x3  
  167  20:53  Zealot x4  
  171  21:03  Photon Cannon, Disruptor  
  174  21:06  Probe, Photon Cannon  
  173  21:14  Zealot x6  
  172  21:33  Disruptor  
  175  21:40  Disruptor  
  175  21:45  Nexus  
  170  21:52  Zealot x3  
  144  22:00  Zealot  
  103  22:26  Photon Cannon  
  103  22:43  Zealot x3  
  94  22:59  Probe x2  
  96  23:08  Disruptor  
  96  23:21  Zealot  
  96  23:22  Zealot x2  
  98  23:27  Zealot  
  98  23:32  Disruptor  
  57  24:10  Zealot x4, Stalker  
  57  24:11  Zealot x3  
  57  24:13  Probe  
  69  24:28  Zealot x2  
  69  24:29  Probe  
  69  24:30  Probe  
  73  24:31  Probe  
  73  24:33  Probe  
  75  24:38  Pylon  
  75  24:47  Disruptor  
  65  25:02  Zealot x2  
  65  25:03  Zealot  
  67  25:19  Dark Templar  
  67  25:33  Assimilator  
  65  25:37  Zealot x2  
  69  25:44  Assimilator  
  69  25:54  Zealot x3  
  59  26:16  Zealot x2  
  59  26:17  Zealot x3  
  53  26:31  Dark Templar  
  55  26:32  Zealot  
  55  26:33  Zealot x2  
  61  26:47  Zealot x3  
  61  26:54  Zealot x2  
  53  27:07  Zealot x2  
Tags
 
Add a new tag
Caveats
  • Supply blocks, unpowered buildings, or Contaminate may cause inaccurate times.
  • Supply counts are checked every 10 seconds.